 Dungeon Crawl Stone Soup version 0.28-b1-25-g9875b3fc8c (webtiles) character file.

Game seed: 9322953253085502684

4641 vvl the Stinger (level 10, 0/73 HPs)
             Began as a Demonspawn Venom Mage on Feb 3, 2022.
             Was an Elder of Makhleb.
             Slain by an orc warlord (6 damage)
             ... in a bailey.
             The game lasted 00:29:27 (11224 turns).

vvl the Stinger (Demonspawn Venom Mage)            Turns: 11224, Time: 00:29:28

Health: 0/73       AC: 11    Str: 15    XL:     10   Next: 20%
Magic:  0/17       EV: 13    Int: 19    God:    Makhleb [****..]
Gold:   298        SH:  0    Dex: 13    Spells: 13/18 levels left

rFire   + + .      SeeInvis .   J - +10 whip "Xyirremn" {freeze, rF++ Will+ Int-2}
rCold   . . .      Faith    .   (no shield)
rNeg    . . .      Spirit   +   G - +4 leather armour of Autumn {Str+6}
rPois   .          Reflect  .   k - +1 hat
rElec   .          Harm     .   (no cloak)
rCorr   .          Rampage  .   (no gloves)
Will    +....                   y - +0 pair of boots {Fly}
Stlth   ++........              H - amulet of magic regeneration
HPRegen 3.22/turn               (no ring)
MPRegen 0.70/turn               (no ring)

@: flying
A: claws 2, thin metallic scales 1, powered by death 2, magic shield, magic
regeneration
a: Renounce Religion, Minor Destruction, Lesser Servant of Makhleb, Major
Destruction


You were in a bailey.
You worshipped Makhleb.
Makhleb was greatly pleased with you.
You visited 2 branches of the dungeon, and saw 9 of its levels.
You also visited: Bailey.

You collected 515 gold pieces.
You spent 217 gold pieces at shops.

Inventory:

Hand Weapons
 b - a +1 short sword of speed
 E - a +1 hand axe of freezing
 I - a +1 vampiric war axe
 J - the +10 whip "Xyirremn" (weapon) {freeze, rF++ Will+ Int-2}
   (You found it on level 7 of the Dungeon)

   It freezes those it strikes, dealing additional cold damage.
   It can also slow down cold-blooded creatures.
   Int:       It affects your intelligence (-2).
   rF:        It greatly protects you from fire.
   Will:      It increases your willpower.
Armour
 g - the +1 leather armour of Distant Worlds {rPois rC- Int+2}
   (You found it on level 2 of the Dungeon)

   Int:       It affects your intelligence (+2).
   rC:        It makes you vulnerable to cold.
   rPois:     It protects you from poison.
 k - a +1 hat (worn)
 y - a +0 pair of boots of flying (worn)
 G - the +4 leather armour of Autumn (worn) {Str+6}
   (You found it on level 7 of the Dungeon)

   Str:       It affects your strength (+6).
Jewellery
 l - a ring of positive energy
 z - a ring of positive energy
 D - a ring of willpower
 F - a ring of protection from cold
 H - an amulet of magic regeneration (around neck)
Wands
 a - a wand of mindburst (3)
 w - a wand of charming (8)
 x - a wand of digging (5)
 A - a wand of paralysis (4)
Scrolls
 c - 2 scrolls of immolation {unknown}
 d - 2 scrolls of enchant weapon {unknown}
 f - 3 scrolls of enchant armour {unknown}
 h - 4 scrolls of identify {unknown}
 p - a scroll of blinking {unknown}
 s - 5 scrolls of teleportation {unknown}
 v - a scroll of magic mapping {unknown}
 B - 2 scrolls of vulnerability {unknown}
 C - 2 scrolls of holy word {unknown}
 K - a scroll of fear {unknown}
Potions
 e - 4 potions of might
 i - a potion of heal wounds
 j - 3 potions of degeneration {unknown}
 m - a potion of lignification {unknown}
 n - a potion of berserk rage {unknown}
 o - 2 potions of cancellation {unknown}
 q - 5 potions of curing {unknown}
 r - a potion of magic {unknown}
 t - a potion of attraction {unknown}
 u - a potion of ambrosia {unknown}
 L - a potion of brilliance {unknown}
 M - 2 potions of haste {unknown}


   Skills:
 + Level 4.8 Fighting
 + Level 2.0 Maces & Flails
 + Level 4.3 Armour
 + Level 4.8 Dodging
 - Level 2.0 Stealth
 + Level 4.9 Spellcasting
 + Level 5.2 Necromancy
 + Level 4.4 Transmutations
 * Level 7.7 Poison Magic
 + Level 5.5 Invocations


You had 13 spell levels left.
You knew the following spells:

 Your Spells              Type           Power      Damage    Failure   Level
a - Sting                 Tmut/Pois      100%       1d8       1%          1
b - Olgreb's Toxic Radia  Pois           33%        N/A       6%          4

Your spell library contained the following spells:

 Spells                   Type           Power      Damage    Failure   Level
 Poisonous Vapours        Pois/Air       38%        N/A       4%          2
 Passwall                 Tmut/Erth      10%        N/A       10%         2
 Mephitic Cloud           Conj/Pois/Air  14%        N/A       16%         3
 Blink                    Tloc           8%         N/A       24%         2
 Ensorcelled Hibernation  Hex/Ice        8%         N/A       24%         2
 Swiftness                Air            4%         N/A       43%         3
 Manifold Assault         Tloc           4%         N/A       99%         5
 Storm Form               Tmut/Air       6%         N/A       100%        7


Dungeon Overview and Level Annotations

Branches:
Dungeon (8/15)             Temple (1/1) D:6          Bailey (1/1)
   Lair: D:8-11

Altars:
Ashenzari
Cheibriados
Dithmenos
Elyvilon
Fedhas
Gozag
Hepliaklqana
Kikubaaqudgha
Makhleb
Nemelex Xobeh
Okawaru
Qazlal
Ru
Sif Muna
Trog
Uskayaw
Vehumet
Wu Jian
Xom
Yredelemnul
Zin
The Shining One

Shops:
D:5 [(


Innate Abilities, Weirdness & Mutations

You have very sharp fingernails.
You are partially covered in thin metallic scales. (AC +2)
You regenerate health from kills.
When hurt, damage is shared between your health and your magic reserves.
You regenerate magic rapidly.


Message History

You hit the orc warlord but do no damage.
The orc warlord is moderately wounded.
The orc warlord looks more healthy.
The helpless orc warlord fails to defend itself.
You hit the orc warlord but do no damage.
The orc warlord is moderately wounded.
The helpless orc warlord fails to defend itself.
You hit the orc warlord but do no damage.
The orc warlord is moderately wounded.
The helpless orc warlord fails to defend itself.
You hit the orc warlord. You freeze the orc warlord.
The orc warlord is moderately wounded.
The helpless orc warlord fails to defend itself.
You hit the orc warlord. You freeze the orc warlord.
The orc warlord is moderately wounded.
Casting: Olgreb's Toxic Radiance (dangerous; 6% risk of failure)
Confirm with . or Enter, or press ? or * to list all spells.
Aiming: Sting (safe; 1% risk of failure)
Press: ? - help, Shift-Dir - straight line, f/p - orc warlord
Aim: an orc warlord, wielding a +1 battleaxe of freezing and wearing a +0 plate armour (moderately wounded, paralysed, 100% to hit)
The sting hits the orc warlord but does no damage.
The orc warlord is poisoned.
The orc warlord is moderately wounded.
The sting hits the orc warlord but does no damage.
The orc warlord looks even sicker.
The orc warlord is moderately wounded.
The orc warlord is no longer paralysed.
The orc warlord hits you with a +1 battleaxe of freezing!!
The orc warlord freezes you.
The sting hits the orc warlord.
The orc warlord looks even sicker.
The orc warlord is moderately wounded.
The orc warlord hits you with a +1 battleaxe of freezing!
The orc warlord freezes you.
The sting misses the orc warlord.
The orc warlord hits you with a +1 battleaxe of freezing!!
The orc warlord freezes you!
The orc warlord hits you with a +1 battleaxe of freezing!!
* * * LOW HITPOINT WARNING * * *
The orc warlord freezes you!
You die...

####### ##..∩..## #.......#
##.......## #.........#
##.........##
#######.....⌠.....#######
##.....##........)##.....##
#......)'.@......)'.......#
##......)##.o.....##.......#
#.........#.......#.........
##.........##88)88##.........
#.....⌠.....###)###.....⌠....
##.....))..## ..) ##.........
#.........# ..... #.........
##.......##....)..##.......#
#.......#......)..#..))...#


You could see an orc warlord (very poisoned).

Vanquished Creatures
  3 yaks (D:8)
  Menkaure (D:5)
  12 orc warriors
  A black bear (D:7)
  A sky beast (D:6)
  2 ogres
  3 necrophages
  A centaur (D:7)
  2 kobold brigands (D:8)
  2 bullfrogs (D:6)
  3 scorpions
  A water moccasin zombie (D:5)
  A water moccasin skeleton (D:5)
  8 wights (D:7)
  5 howler monkeys
  3 centaur zombies
  A gnoll shaman (D:5)
  3 hounds (D:5)
  2 jellies
  2 centaur skeletons
  3 orc priests
  A bullfrog skeleton (D:4)
  3 iguanas
  A scorpion zombie (D:5)
  Natasha (thrice) (D:4)
  4 orc wizards
  A howler monkey skeleton (D:6)
  11 adders
  13 gnolls
  A shadow imp (D:6)
  A white imp (D:7)
  An ufetubus (D:2)
  4 worms (D:3)
  8 dart slugs
  41 orcs
  4 bats
  5 endoplasms
  A giant cockroach (D:4)
  24 goblins
  16 hobgoblins
  10 jackals
  13 kobolds
  3 quokkas
  5 ball pythons
  3 frilled lizards
  5 rats
242 creatures vanquished.

Vanquished Creatures (others)
  A plant (D:2)
1 creature vanquished.

Grand Total: 243 creatures vanquished

Notes
Turn   | Place    | Note
-------+----------+-------------------------------------------
     0 | D:1      | vvl the Demonspawn Venom Mage began the quest for the Orb.
     0 | D:1      | Reached XP level 1. HP: 13/13 MP: 3/3
    88 | D:1      | Reached skill level 1 in Transmutations
   161 | D:1      | Gained mutation: You regenerate magic rapidly. [demonic
                  | ancestry]
   161 | D:1      | Reached XP level 2. HP: 10/19 MP: 0/5
  1016 | D:1      | Gained mutation: You have sharp fingernails. [demonic
                  | ancestry]
  1016 | D:1      | Reached XP level 3. HP: 25/25 MP: 2/6
  1134 | D:1      | Found a faded altar of an unknown god.
  1472 | D:2      | Identified the +1 leather armour of Distant Worlds {rPois
                  | rC- Int+2}
  1638 | D:2      | Reached skill level 1 in Fighting
  1638 | D:2      | Reached XP level 4. HP: 22/32 MP: 7/7
  1809 | D:2      | Reached skill level 1 in Necromancy
  2108 | D:2      | Reached skill level 1 in Armour
  2682 | D:2      | Gained mutation: When hurt, damage is shared between your
                  | health and your magic reserves. [demonic ancestry]
  2682 | D:2      | Reached XP level 5. HP: 36/37 MP: 5/8
  3437 | D:3      | Reached skill level 4 in Poison Magic
  4076 | D:3      | Gained mutation: You are partially covered in thin metallic
                  | scales. (AC +2) [demonic ancestry]
  4076 | D:3      | Reached XP level 6. HP: 42/44 MP: 5/10
  4923 | D:4      | Found a burning altar of Makhleb.
  4974 | D:4      | Became a worshipper of Makhleb the Destroyer
  4989 | D:4      | Noticed Natasha
  5005 | D:4      | Killed Natasha
  5429 | D:4      | Noticed Natasha
  5439 | D:4      | Killed Natasha
  5629 | D:4      | Noticed Natasha
  5637 | D:4      | Killed Natasha
  5638 | D:4      | Gained mutation: You regenerate a little health from kills.
                  | [demonic ancestry]
  5638 | D:4      | Reached XP level 7. HP: 51/51 MP: 8/11
  5673 | D:5      | Entered Level 5 of the Dungeon
  5673 | D:5      | Noticed Menkaure
  5678 | D:5      | Killed Menkaure
  5679 | D:5      | Reached skill level 1 in Invocations
  5749 | D:5      | Reached skill level 5 in Poison Magic
  6514 | D:5      | Found Yriuggecra's Weapon Boutique.
  6706 | D:5      | Gained mutation: You regenerate health from kills. [demonic
                  | ancestry]
  6706 | D:5      | Reached XP level 8. HP: 38/58 MP: 5/13
  7111 | D:5      | Found Voniboud's Antique Armour Shop.
  7127 | D:5      | Bought a pair of embroidered boots for 217 gold pieces
  7408 | D:6      | Reached * piety under Makhleb
  7741 | D:6      | Found a staircase to the Ecumenical Temple.
  7748 | Temple   | Entered the Ecumenical Temple
  8121 | D:6      | Reached skill level 6 in Poison Magic
  8460 | D:6      | Learned a level 4 spell: Olgreb's Toxic Radiance
  8815 | D:7      | Gained mutation: You have very sharp fingernails. [demonic
                  | ancestry]
  8815 | D:7      | Reached XP level 9. HP: 65/65 MP: 0/15
  9679 | D:7      | Reached ** piety under Makhleb
  9710 | D:7      | Identified the +4 leather armour of Autumn {Str+6}
 10151 | D:7      | Identified the +10 whip "Xyirremn" {freeze, rF++ Will+
                  | Int-2}
 10604 | D:8      | Reached skill level 7 in Poison Magic
 10607 | D:8      | Reached *** piety under Makhleb
 10610 | D:8      | Reached skill level 1 in Maces & Flails
 10613 | D:8      | Reached skill level 5 in Invocations
 10648 | D:8      | Found a flagged portal.
 10654 | Bailey   | Entered a bailey
 10867 | Bailey   | Reached skill level 5 in Necromancy
 10870 | Bailey   | Reached XP level 10. HP: 37/73 MP: 8/17
 11105 | Bailey   | Reached **** piety under Makhleb
 11193 | Bailey   | Noticed an orc warlord
 11224 | Bailey   | Slain by an orc warlord

Illustrated notes

Levels and vault maps discovered:
D:1:      wander_arrival_peaceful_grave, layout_loops_cross, serial_forest,
          infiniplex_forest_split, infiniplex_forest_straight_1,
          infiniplex_forest_3_way, infiniplex_forest_corner_1,
          infiniplex_forest_zigzag_1, infiniplex_forest_zigzag_2,
          infiniplex_forest_clump_tiny, infiniplex_forest_clump_long,
          infiniplex_forest_lined_3_way, shapermc_ecumenical_altar_mp_vishouse
D:2:      minmay_inner_zag, layout_loops_ring, serial_forest,
          infiniplex_forest_lined_2, infiniplex_forest_clump_long,
          infiniplex_forest_clump_tiny, infiniplex_forest_lined_2,
          infiniplex_forest_clump_small, infiniplex_forest_lined_room_2,
          dk_noncrumbling_4, minmay_close_crescents
D:3:      layout_loops_ring, amcnicky_mini_corridor_feature, nicolae_wormholes
D:4:      layout_basic, lemuel_doored_altar, uniq_natasha
D:5:      layout_loops_ring, serial_shops, nicolae_shop_hallway_plus,
          nicolae_shop_advertising_works [nicolae_subvault_shop_adworks],
          uniq_menkaure
D:6:      layout_rooms, minmay_temple_entry_ruins
D:7:      layout_rooms, hangedman_decor_opposing
D:8:      layout_cave_pools, gammafunk_ghost_grave, enter_bailey_3
Temple:   mainiacjoe_temple_archimedes_tessellation
Bailey:   bailey_axe_minmay_hex_keep, bailey

Skill      XL: |  1  2  3  4  5  6  7  8  9 10 |
---------------+-------------------------------+-----
Transmutations | 1 2 3 4 |  4.4
Dodging        | 2 3 4 |  4.8
Stealth        | 2 |  2.0
Fighting       | 1 2 3 4 |  4.8
Necromancy     | 1 2 3 4 5 |  5.2
Armour         | 1 2 3 4 |  4.3
Poison Magic   | 4 5 6 7 |  7.7
Spellcasting   | 3 4 |  4.9
Invocations    | 2 3 5 |  5.5
Maces & Flails | 1 2 |  2.0

Action                   |  1- 3 |  4- 6 |  7- 9 | 10-12 || total
-------------------------+-------+-------+-------+-------++-------
Melee: Unarmed           |     7 |       |       |       ||     7
       Short sword       |    41 |   184 |   195 |       ||   420
       Punch             |       |     3 |     8 |     1 ||    12
       Whip              |       |       |    92 |    77 ||   169
       Hand axe          |       |       |    60 |       ||    60
 Cast: Sting             |    43 |   119 |   155 |     4 ||   321
       Olgreb's Toxic Ra |       |       |     7 |     3 ||    10
Invok: Minor Destruction |       |       |     8 |       ||     8
Evoke: Wand              |       |       |       |     1 ||     1
  Use: Potion            |       |       |     1 |       ||     1
 Stab: Sleeping          |     1 |       |       |       ||     1
       Paralysed         |       |       |       |     9 ||     9
Armor: Robe              |     6 |       |       |       ||     6
       Leather armour    |     7 |    63 |   197 |    23 ||   290
Dodge: Dodged            |    43 |   118 |   301 |    55 ||   517
